 Dungeon Crawl Stone Soup version 0.27.1-33-g824d729ab1 (webtiles) character file.

Game seed: 11838274040891571958

14 Sarah the Conjurer (level 2, -1/11 HPs)
             Began as a Felid Conjurer on Dec 25, 2021.
             Was a Follower of Ru.
             Slain by an adder (4 damage)
             ... on level 2 of the Dungeon.
             The game lasted 00:07:07 (717 turns).

Sarah the Conjurer (Felid Conjurer)                  Turns: 717, Time: 00:07:08

Health: -1/11      AC:  1    Str:  3    XL:     2   Next: 31%
Magic:  0/6        EV: 21    Int: 19    God:    Ru [*.....]
Gold:   37         SH:  0    Dex: 14    Spells: 4/5 levels left
                                        Lives:  0   Deaths: 0

rFire    . . .     SeeInvis +   (weapon unavailable)
rCold    . . .     Faith    .   (shield unavailable)
rNeg     . . .     Spirit   +   (armour unavailable)
rPois    .         Reflect  .   (helmet unavailable)
rElec    .         Harm     .   (cloak unavailable)
rCorr    .         Rampage  .   (gloves unavailable)
Will     .....                  (boots unavailable)
Stlth    ++........             c - amulet of guardian spirit
HPRegen  0.03/turn              d - +4 ring of evasion
MPRegen  0.10/turn              (no ring)

@: lethally poisoned (-1 -> -5), very slightly contaminated, quick
A: very small, claws 1, fangs 3, see invisible, speed 1, shaggy fur 1, no air
magic, no translocations magic, no transmutations magic, stealthy paws, no
weapons or thrown items, no armour, multi-lived
a: Renounce Religion


You were on level 2 of the Dungeon.
You worshipped Ru.
Ru was aware of your devotion.
You visited 1 branch of the dungeon, and saw 2 of its levels.

You collected 37 gold pieces.

Inventory:

Jewellery
 c - an amulet of guardian spirit (around neck)
 d - a +4 ring of evasion (left paw)
Scrolls
 a - a scroll of noise


   Skills:
 + Level 2.7 Dodging
 + Level 2.7 Stealth
 + Level 0.3 Unarmed Combat
 + Level 2.0 Spellcasting
 + Level 4.1 Conjurations


You had 4 spell levels left.
You knew the following spells:

 Your Spells              Type           Power      Damage    Failure   Level
a - Magic Dart            Conj           68%        1d6       3%          1

Your spell library contained the following spells:

 Spells                   Type           Power      Damage    Failure   Level
 Searing Ray              Conj           34%        3d4       4%          2
 Dazzling Flash           Conj/Hex       18%        N/A       22%         3
 Fulminant Prism          Conj/Hex       4%         3d6       58%         4
 Iskenderun's Mystic Bla  Conj/Tloc      Unusable   2d4       N/A         4

Dungeon Overview and Level Annotations

Branches:
Dungeon (2/15)

Altars:
Ru
Xom


Innate Abilities, Weirdness & Mutations

You have sharp claws.
You have razor-sharp teeth.
You have supernaturally acute eyesight. (SInv)
You cover ground quickly. (Speed+)
You are covered in fur. (AC +1)
You cannot study or cast Air magic.
You cannot study or cast Translocations magic.
You cannot study or cast Transmutations magic.
Your paws help you pounce on unaware monsters.
You are incapable of wielding weapons or throwing items.
You cannot wear armour.
You gain extra lives every three experience levels.


Message History

There is a stone staircase leading up here.
As you read the scroll labelled WIKHLY ISKEUDUCO, it crumbles to dust.
You hear a loud clanging noise!
It was a scroll of noise.
You hear an angry hiss.
You hear a shout!
As you read the scroll labelled ZOTEPY SAYT, it crumbles to dust.
It is a scroll of identify.
You don't have any unidentified items.
Found 6 gold pieces.
Found a shimmering altar of Xom.
An adder comes into view.
A kobold comes into view. It is wielding a +0 short sword.
The kobold completely misses you.
An adder skeleton comes into view.
The kobold completely misses you.
You scratch the kobold but do no damage.
The kobold misses you.
You scratch the kobold.
The kobold is moderately wounded.
The kobold closely misses you.
You miss the kobold.
The kobold is moderately wounded.
The kobold hits you with a +0 short sword.
Aiming: Magic Dart (safe; 3% risk of failure)
Press: ? - help, Q - select action Shift-Dir - straight line, f - kobold
Aim: a kobold, wielding a +0 short sword and quivering stones (moderately wounded, 100% to hit)
You miscast Magic Dart.
You are very lightly contaminated with residual magic.
Nothing appears to happen.
The adder bites you. The kobold closely misses you.
Aiming: Magic Dart (safe; 3% risk of failure)
Press: ? - help, Q - select action Shift-Dir - straight line, f/p - kobold
Aim: a kobold, wielding a +0 short sword and quivering stones (moderately wounded, 100% to hit)
The magic dart hits the kobold.
The kobold is heavily wounded.
The adder bites you.
You are lethally poisoned!
The adder poisons you! The adder completely misses you. The kobold misses you.
* * * LOW HITPOINT WARNING * * *
You feel sick. The adder bites you.
You die...

#.# #.# #.##
#..#### #.....#
#.###### #.....#
#....<.###K._$.#
##.......SZ....#
#.###.###@....#
#
#..............
#.#.###.#######
#.#.# #.# . #.#
#.# ## #.# #.#
#.# #.# #.#


You could see an adder, a kobold and an adder skeleton.

Vanquished Creatures
  A bat (D:1)
  An endoplasm (D:1)
  3 goblins (D:1)
  A hobgoblin (D:1)
  A kobold (D:1)
  3 ball pythons (D:1)
  2 frilled lizards (D:1)
  2 rats (D:1)
14 creatures vanquished.

Notes
Turn   | Place    | Note
-------+----------+-------------------------------------------
     0 | D:1      | Sarah the Felid Conjurer began the quest for the Orb.
     0 | D:1      | Reached XP level 1. HP: 7/7 MP: 4/4
   211 | D:1      | Reached skill level 4 in Conjurations
   255 | D:1      | Reached XP level 2. HP: 11/11 MP: 4/6
   301 | D:1      | Noticed a great orb of eyes
   310 | D:1      | Found a faded altar of an unknown god.
   312 | D:1      | Noticed a shining eye
   313 | D:1      | Noticed a floating eye
   313 | D:1      | Noticed a golden eye
   345 | D:1      | Became a worshipper of Ru the Awakened
   365 | D:1      | Gained mutation: You cannot study or cast Air magic. [Ru
                  | sacrifice]
   365 | D:1      | Gained mutation: You cannot study or cast Transmutations
                  | magic. [Ru sacrifice]
   365 | D:1      | Gained mutation: You cannot study or cast Translocations
                  | magic. [Ru sacrifice]
   365 | D:1      | Reached * piety under Ru
   707 | D:2      | Found a shimmering altar of Xom.
   717 | D:2      | Slain by an adder

Illustrated notes

Levels and vault maps discovered:
D:1:      minmay_arrival_glassed_features, layout_loops_ring,
          hellmonk_ecumenical_altar_watching_god, minmay_tetromino_o2
D:2:      layout_loops_ring, basic_altar, uniq_natasha, uniq_sigmund,
          uniq_crazy_yiuf_cottage

Skill      XL: |  1 |
---------------+----+-----
Conjurations   | 4 |  4.1
Dodging        | |  2.7
Stealth        | |  2.7
Unarmed Combat | |  0.3
Spellcasting   | |  2.0

Action                   || total
-------------------------++-------
Melee: Unarmed           ||    16
       Bite              ||     1
 Cast: Magic Dart        ||    18
Invok: Sacrifice Arcana  ||     1
  Use: Scroll            ||     2
 Stab: Sleeping          ||     2
Dodge: Dodged            ||    21
